 Dungeon Crawl Stone Soup version 0.28-a0-8-g6e044cfa68 (webtiles) character file.

Game seed: 14450521727743361520

236 Spaninq the Poker (level 6, -3/46 HPs)
             Began as a Merfolk Ice Elementalist on July 24, 2021.
             Slain by a gnoll (7 damage)
             ... on level 5 of the Dungeon.
             The game lasted 00:11:35 (3411 turns).

Spaninq the Poker (Merfolk Ice Elementalist)        Turns: 3411, Time: 00:11:35

Health: -3/46      AC:  5    Str: 11    XL:     6   Next: 6%
Magic:  1/9        EV: 13    Int: 14    God:
Gold:   87         SH:  0    Dex: 14    Spells: 8/9 levels left

rFire   + . .      SeeInvis .   f - +1 trident
rCold   . . .      Faith    .   (no shield)
rNeg    . . .      Spirit   .   o - +2 leather armour {rF+}
rPois   .          Reflect  .   (no helmet)
rElec   .          Harm     .   (no cloak)
rCorr   .          Rampage  .   (no gloves)
Will    .....                   (no boots)
Stlth   +.........              (no amulet)
HPRegen 0.15/turn               (no ring)
MPRegen 0.11/turn               (no ring)

@: lit by a corona, flying, glowing
A: (nimble swimmer 2), mertail
a: no special abilities


You were on level 5 of the Dungeon.
You visited 1 branch of the dungeon, and saw 5 of its levels.

You collected 87 gold pieces.

Inventory:

Hand Weapons
 f - a +1 trident (weapon)
Missiles
 l - 54 stones
 m - 61 sling bullets
Armour
 o - a +2 leather armour of fire resistance (worn)


   Skills:
 + Level 2.5 Fighting
 * Level 5.2 Polearms
 + Level 4.6 Dodging
 - Level 2.1 Stealth
 - Level 2.2 Spellcasting
 - Level 4.7 Ice Magic


You had 8 spell levels left.
You knew the following spells:

 Your Spells              Type           Power      Damage    Failure   Level
a - Freeze                Ice            56%        1d7       4%          1

Your spell library contained the following spells:

 Spells                   Type           Power      Damage    Failure   Level
 Frozen Ramparts          Ice            28%        1d4       13%         3
 Ozocubu's Armour         Ice            14%        N/A       13%         3
 Hailstorm                Conj/Ice       8%         3d4       75%         4


Dungeon Overview and Level Annotations

Branches:
Dungeon (6/15)
 Temple: D:4-7

Altars:

Annotations:
D:5 Eustachio


Innate Abilities, Weirdness & Mutations

((You are quick and stealthy near water. (Stealth+, EV+, Speed+++)))
Your lower body shifts to a powerful aquatic tail in water.


Message History

Increase (S)trength, (I)ntelligence, or (D)exterity?
You feel stronger.
You hit the gnoll.
The gnoll is lightly wounded.
The gnoll hits you but does no damage. The gnoll barely misses you.
The gnoll hits you from afar with a +0 halberd!
You hit the gnoll but do no damage.
The gnoll is lightly wounded.
The gnoll hits you but does no damage.
The gnoll shaman calls down the wrath of its god upon you.
You resist with some effort.
As you read the scroll of enchant weapon, it crumbles to dust.
Your +0 trident glows red for a moment.
The gnoll barely misses you. The gnoll hits you with a +0 club.
You hit the gnoll.
The gnoll is heavily wounded.
The gnoll closely misses you. The gnoll completely misses you.
The gnoll shaman hits you but does no damage.
You barely miss the gnoll.
The gnoll is heavily wounded.
The gnoll's inner flame fades away.
The gnoll hits you with a +0 club. The gnoll misses you.
The gnoll hits you with a +0 club.
You closely miss the gnoll.
The gnoll is heavily wounded.
The gnoll misses you.
The gnoll hits you from afar with a +0 halberd!
The gnoll shaman mumbles some strange prayers to its god against you.
You are outlined in light.
The gnoll hits you with a +0 club.
You hit the gnoll.
The gnoll is almost dead.
The gnoll hits you with a +0 club.
* * * LOW HITPOINT WARNING * * *
The gnoll hits you from afar with a +0 halberd.
* * * LOW HITPOINT WARNING * * *
The gnoll shaman hits you with a +0 whip.
* * * LOW HITPOINT WARNING * * *
You hit the gnoll.
You kill the gnoll!
The gnoll hits you from afar with a +0 halberd!
You die...

####
##)@#
#.g##
##g##
##g##
##..#
#..##
#.>###
#(.#
#..#


You could see a gnoll shaman and 2 gnolls.

Vanquished Creatures
  A phantom (D:6)
  A hound (D:5)
  Terence (D:3)
  3 adders
  2 gnolls (D:5)
  A worm (D:2)
  2 dart slugs
  6 orcs (D:3)
  2 endoplasms
  5 giant cockroaches
  3 goblins
  2 hobgoblins (D:1)
  2 jackals (D:1)
  3 quokkas
  4 ball pythons
  6 bats
  2 frilled lizards
  7 kobolds
  6 rats
59 creatures vanquished.

Notes
Turn   | Place    | Note
-------+----------+-------------------------------------------
     0 | D:1      | Spaninq the Merfolk Ice Elementalist began the quest for
                  | the Orb.
     0 | D:1      | Reached XP level 1. HP: 13/13 MP: 3/3
   206 | D:1      | Reached XP level 2. HP: 12/19 MP: 3/5
   328 | D:1      | Found a faded altar of an unknown god.
   960 | D:1      | Reached skill level 1 in Polearms
  1253 | D:1      | Reached XP level 3. HP: 25/25 MP: 3/6
  1685 | D:2      | Reached skill level 2 in Polearms
  1888 | D:2      | Reached skill level 1 in Fighting
  2024 | D:2      | Reached XP level 4. HP: 32/32 MP: 7/7
  2384 | D:2      | Reached skill level 3 in Polearms
  3070 | D:3      | Noticed Terence
  3081 | D:3      | Killed Terence
  3136 | D:3      | You fall into a shaft and drop 3 floors!
  3137 | D:6      | Noticed a phantom
  3152 | D:6      | Killed a phantom
  3153 | D:6      | Reached skill level 4 in Polearms
  3153 | D:6      | Reached XP level 5. HP: 38/38 MP: 8/8
  3166 | D:6      | Noticed an ogre
  3255 | D:5      | Entered Level 5 of the Dungeon
  3255 | D:5      | Noticed Eustachio
  3402 | D:5      | Reached skill level 5 in Polearms
  3402 | D:5      | Reached XP level 6. HP: 42/46 MP: 0/9
  3411 | D:5      | Slain by a gnoll

Illustrated notes

Levels and vault maps discovered:
D:1:      erik_arrival_cave_to_civilisation [erik_arrival_cave_to_hall],
          layout_basic, serial_co_window_serial, co_window_corner_a,
          co_window_paths_a, co_window_corner_a, co_window_of_opportunity_a,
          co_window_corner_a, co_window_2corner, co_window_corner_ca,
          co_window_broadway_b, co_window_of_opportunity_c, co_window_corner_b,
          co_window_paths_e, co_window_4corner_b, glass_columns_a,
          glass_columns_a, ebering_ecumenical_altar_sacrificial
D:2:      layout_loops_ring
D:3:      layout_loops_ring, uniq_terence, uniq_natasha
D:5:      layout_layer_cave, minmay_temple_entry_glass, uniq_eustachio,
          uniq_duvessa, uniq_menkaure
D:6:      layout_basic

Skill      XL: |  1  2  3  4  5 |
---------------+----------------+-----
Dodging        | 3 4 |  4.6
Polearms       | 1 2 4 5 |  5.2
Fighting       | 1 2 |  2.5
Stealth        | |  2.1
Spellcasting   | |  2.2
Ice Magic      | |  4.7

Action                   |  1- 3 |  4- 6 || total
-------------------------+-------+-------++-------
Melee: Short sword       |     3 |       ||     3
       Trident           |    13 |    29 ||    42
 Cast: Freeze            |    45 |    41 ||    86
  Use: Scroll            |       |     8 ||     8
       Potion            |       |     2 ||     2
 Stab: Sleeping          |     2 |       ||     2
Armor: Leather armour    |     6 |    14 ||    20
Dodge: Dodged            |    31 |    43 ||    74

Table legend: (Time is in decaauts)
 A = Elapsed time spent in this place.
 B = Non-inter-level travel time spent in this place.
 C = Inter-level travel time spent in this place.
 D = Time resting spent in this place.
 E = Time spent auto-exploring this place.
 F = Levels seen in this place.
 G = Mean time per level.
                   A        B        C        D        E       F      G
               +--------+--------+--------+--------+--------+-----+--------+
         Total |   3415 |   3250 |    165 |    550 |   2082 |   5 |  683.0 |
       Dungeon |   3415 |   3250 |    165 |    550 |   2082 |   5 |  683.0 |
               +--------+--------+--------+--------+--------+-----+--------+

Top non-repeatable levels by time:
     D:1: 1728 daAuts
     D:2: 1055 daAuts
     D:3: 356 daAuts
     D:5: 156 daAuts
     D:6: 118 daAuts
